 Dungeon Crawl Stone Soup version 0.30-a0-996-ga6910c8ee8 (webtiles) character file.

Game seed: 4458219330205577092

(classic levelgen) 303 Amnesiac the Covert (level 6, -13/36 HPs)
             Began as a Vampire Delver on Apr 4, 2023.
             Was a Believer of Dithmenos.
             Mangled by a wight
             ... wielding a +0 flail
              (16 damage)
             ... on level 3 of the Dungeon.
             The game lasted 00:10:55 (2719 turns).

Amnesiac the Covert (Vampire Delver)                Turns: 2719, Time: 00:10:56

Health: -13/36     AC:  0    Str:  9 (11) XL:     6   Next: 15%
Magic:  4/6        EV: 19    Int: 11 (13) God:    Dithmenos [**....]
Gold:   234        SH:  0    Dex: 20 (22) Spells: 5/5 levels left

rFire   . . .      SeeInvis +    a - melded +0 short sword
rCold   + + .      Faith    .    (shield currently unavailable)
rNeg    + + +      Spirit   .    b - melded +0 leather armour
rPois   ∞          Reflect  .    (helmet currently unavailable)
rElec   .          Rampage  .    n - melded +0 cloak
rCorr   .                        k - melded +0 pair of gloves
Will    .....                    (boots currently unavailable)
Stlth   ++++++++                 (no amulet)
HPRegen 0.00/turn                j - melded ring of Raqil {EV+5 Stlth+}
MPRegen 0.10/turn                (ring currently unavailable)

@: bat-form, flying, bloodless, inhibited regen, wreathed by umbra, very quick
A: fast, flying, no casting, tiny, bloodless, fangs 3, see invisible, vampiric 2
a: Revivify, End Transformation, Renounce Religion, Shadow Step


You were on level 3 of the Dungeon.
You worshipped Dithmenos.
Dithmenos was pleased with you.
You were a vampire bat.
You visited 1 branch of the dungeon, and saw 6 of its levels.

You collected 234 gold pieces.

Inventory:

Hand Weapons
 a - a +0 short sword (melded)
Missiles
 i - 17 poisoned darts (quivered)
Armour
 b - a +0 leather armour (melded)
 k - a +0 pair of gloves (melded)
 n - a +0 cloak (melded)
 q - a +0 buckler
 A - the +0 ring mail "Ostrousymp" {rF++ rCorr}
   (You found it on level 3 of the Dungeon)

   rF:        It greatly protects you from fire.
   rCorr:     It protects you from acid and corrosion.
Magical Staves
 C - a staff of air
Jewellery
 j - the ring of Raqil (melded) {EV+5 Stlth+}
   (You found it on level 6 of the Dungeon)

   [ring of evasion]

   EV:        It affects your evasion (+5).
   Stlth:     It makes you more stealthy.
 u - a ring of fire
Wands
 g - a wand of digging (3)
Scrolls
 c - a scroll of fog {!r}
 d - a scroll of magic mapping {!r}
 e - 2 scrolls of fear {!r}
 o - a scroll of acquirement {!r, unknown}
 p - a scroll of blinking {!r, unknown}
 r - a scroll of noise {!r, unknown}
 t - 2 scrolls of identify {!r, unknown}
 v - 2 scrolls of teleportation {!r, unknown}
 x - a scroll of poison {!r, unknown}
 y - a scroll of amnesia {!r, unknown}
 B - a scroll of enchant armour {!r, unknown}
Potions
 f - 2 potions of haste {!q}
 h - 4 potions of heal wounds {!q, unknown}
 l - a potion of degeneration {!q, unknown}
 m - 3 potions of curing {!q, unknown}
 s - a potion of berserk rage {!q, unknown}
 w - a potion of invisibility {!q, unknown}
 z - 2 potions of flight {!q, unknown}


   Skills:
 - Level 2.6 Fighting
 + Level 4.0 Short Blades
 - Level 1.0 Throwing
 - Level 2.1 Dodging
 * Level 10.4 Stealth
 + Level 0.6 Invocations
 - Level 1.0 Evocations


You had 5 spell levels left.
You didn't know any spells.
Your spell library contained the following spells:

 Spells                   Type           Power      Damage    Failure   Level
 Stone Arrow              Conj/Erth      0%         3d7       71%         3
 Animate Armour           Summ/Erth      0%         N/A       98%         4
 Lehudib's Crystal Spear  Conj/Erth      0%         10d2      100%        8


Dungeon Overview and Level Annotations

Branches:
Dungeon (6/15)
 Temple: D:4-7

Altars:
Dithmenos

Shops:
D:4 =   D:5 (

Annotations:
D:5 exclusions: ice beast and water moccasin
D:6 exclusions: ice beast and water moccasin


Innate Abilities, Weirdness & Mutations

You are a vampire bat.
You are tiny and dextrous.
You move quickly.
You are flying.
You are immune to poison.
Your equipment is almost entirely melded.
You are incapable of wielding weapons or throwing items.
You cannot cast spells.
You do not regenerate when monsters are visible.
You are frail without blood (-20% HP).
You can heal yourself when you bite living creatures.
You are immune to poison.
You have razor-sharp teeth.
You have supernaturally acute eyesight. (SInv)
You are afflicted with vampirism and can become a bat while bloodless.


Message History

Unknown command.
The gnoll misses you.
You climb upwards.
There is a stone staircase leading down here.
You hit the gnoll. You bite the gnoll.
You kill the gnoll!
Dithmenos accepts your kill.
You now have 234 gold pieces (gained 14).
Things that are here:
a +1 flail of holy wrath; a gnoll corpse
There is a stone staircase leading down here.
You climb downwards.
There is a stone staircase leading up here.
i - 14 poisoned darts (gained 1)
i - 16 poisoned darts (gained 2)
There is an open door here.
Found a scroll labelled NOMYUCL CADGHUCK.
You see here a poisoned dart.
i - 17 poisoned darts (gained 1)
You hit the wight but do no damage. You barely miss the wight.
The wight misses you.
You hit the wight but do no damage. The wight misses you.
The wight barely misses you. The wight attacks as you move away!
The wight completely misses you. The wight attacks as you move away!
The wight misses you. The wight attacks as you move away!
The wight hits you with a +0 flail!
There is an open door here.
The gnoll shouts!
You hit the wight but do no damage.
You hear a shout!
The wight attacks as you move away! The wight misses you.
The wight attacks as you move away! The wight closely misses you.
The wight attacks as you move away! The wight completely misses you.
There is a stone staircase leading up here.
You climb upwards.
There is a stone staircase leading down here.
You closely miss the wight. The wight hits you with a +0 flail!
You barely miss the wight. You hit the wight but do no damage.
The wight barely misses you.
You closely miss the wight. The wight misses you.
You hit the wight but do no damage. You bite the wight.
The wight is lightly damaged.
The wight hits you with a +0 flail.
* * * LOW HITPOINT WARNING * * *
You hit the wight.
The wight is moderately damaged.
The wight misses you.
You hit the wight but do no damage. You bite the wight, but do no damage.
The wight is moderately damaged.
You hit the wight but do no damage.
The wight is moderately damaged.
The wight hits you with a +0 flail!
* * * LOW HITPOINT WARNING * * *
You are too injured to fight recklessly!
You are too injured to fight recklessly!
Okay, then.
Unknown command.
Things that are here:
a +0 robe; a +0 morningstar You fail to use your ability.
The wight misses you.
You turn into a vampire bat.
You feel weakened.
You feel dopey.
You feel clumsy. The wight hits you with a +0 flail!
You die...

#####.....## #########..
#..#.......####.........#
#...........<...#########
###............####
#####............#....####
#.....##.........####....##
# #.######.......).#
####..#### #.# ##....z>.##
##..... #.# #.>...b...#
#####.### ##.# #.........#
##.....# # #..#
##.........# #..##### #.##
#..........# #..## #.#
#>.........# ##..#### ##.#
##.#.......## ##....#
#..#####..##.....####
####.# #
#.##...[.###..#.....# #.###
#.##.....##...#.....# #....


You could see a wight.

Vanquished Creatures
  A black bear (D:3)
  A wight (D:3)
  Jessica (D:3)
  6 adders
  2 gnolls
  A worm (D:3)
  4 dart slugs
  2 orcs (D:4)
  5 bats
  6 endoplasms
  2 giant cockroaches (D:1)
  4 hobgoblins
  2 jackals (D:2)
  4 ball pythons
  2 frilled lizards
  4 goblins
  6 kobolds
  4 rats
57 creatures vanquished.

Vanquished Creatures (others)
  4 plants
4 creatures vanquished.

Grand Total: 61 creatures vanquished

Notes
Turn   | Place    | Note
-------+----------+-------------------------------------------
     0 | D:5      | Amnesiac the Vampire Delver began the quest for the Orb.
     0 | D:5      | Reached XP level 1. HP: 17/17 MP: 1/1
     8 | D:5      | Noticed a water moccasin
    27 | D:5      | Found Legiffacwu's Weapon Boutique.
    27 | D:5      | Noticed a hound
    76 | D:6      | Identified the ring of Raqil {EV+5 Stlth+}
    81 | D:6      | Noticed a water moccasin
   142 | D:5      | Noticed an ice beast
   187 | D:6      | Noticed an ice beast
   244 | D:6      | Noticed a black bear
   244 | D:6      | Noticed an iguana
   376 | D:4      | Found Yxtupa's Jewellery Emporium.
   391 | D:4      | Reached XP level 2. HP: 19/23 MP: 2/2
   421 | D:4      | Noticed a wight
   445 | D:4      | Reached skill level 8 in Stealth
   548 | D:4      | Gained mutation: You are afflicted with vampirism and can
                  | become a bat while bloodless. [Vampire growth]
   548 | D:4      | Reached XP level 3. HP: 28/28 MP: 3/3
   588 | D:4      | Noticed a wight
   898 | D:1      | Reached XP level 4. HP: 27/27 MP: 4/4
   963 | D:1      | Found a faded altar of an unknown god.
   971 | D:1      | Prayed at the altar of an unknown god.
   971 | D:1      | Became a worshipper of Dithmenos the Shadowed
   971 | D:1      | Reached * piety under Dithmenos
  1956 | D:3      | Noticed Jessica
  1969 | D:3      | Killed Jessica
  1970 | D:3      | Reached skill level 1 in Throwing
  1970 | D:3      | Reached skill level 9 in Stealth
  2194 | D:3      | Reached skill level 1 in Evocations
  2194 | D:3      | Reached XP level 5. HP: 31/31 MP: 5/5
  2199 | D:3      | Identified the +0 ring mail "Ostrousymp" {rF++ rCorr}
  2353 | D:3      | Noticed a black bear
  2361 | D:3      | Killed a black bear
  2362 | D:3      | Reached skill level 10 in Stealth
  2561 | D:4      | Reached ** piety under Dithmenos
  2589 | D:3      | Reached XP level 6. HP: 20/36 MP: 6/6
  2719 | D:3      | Mangled by a wight

Illustrated notes

Levels and vault maps discovered:
D:1:      tarquinn_simple_flora_water_e, layout_rooms,
          shapermc_ecumenical_altar_mp_urbaneastern
D:2:      layout_basic
D:3:      layout_rooms, glass_columns_a, uniq_jessica
D:4:      layout_gridville, mainiacjoe_overflow_big_doors, serial_shops, shop
D:5:      layout_gridville, minmay_hedge_maze, serial_bayou_pond_d, st_stairs_6,
          chequers_serial_rivers_large_b, minmay_shop_grid_forest,
          bh_walls_and_bars
D:6:      layout_loops_ring, minmay_temple_entry_proselytizer

Skill      XL: |  1  2  3  4  5 |
---------------+----------------+-----
Stealth        | 8 9 10 | 10.4
Short Blades   | 3 4 |  4.0
Throwing       | 1 |  1.0
Evocations     | 1 |  1.0
Fighting       | |  2.6
Dodging        | |  2.1
Invocations    | |  0.6

Action                     |  1- 3 |  4- 6 || total
---------------------------+-------+-------++-------
  Melee: Short sword       |    81 |   123 ||   204
         Bite              |     8 |    16 ||    24
  Throw: Dart              |     9 |    10 ||    19
Ability: Exsanguinate      |     1 |       ||     1
         Bat Form          |       |     1 ||     1
   Stab: Sleeping          |    13 |    14 ||    27
 Armour: Leather armour    |    14 |    20 ||    34
  Dodge: Dodged            |    48 |    87 ||   135

Table legend: (Time is in decaauts)
 A = Elapsed time spent in this place.
 B = Non-inter-level travel time spent in this place.
 C = Inter-level travel time spent in this place.
 D = Time resting spent in this place.
 E = Time spent auto-exploring this place.
 F = Levels seen in this place.
 G = Mean time per level.
                   A        B        C        D        E       F      G
               +--------+--------+--------+--------+--------+-----+--------+
         Total |   2709 |   2596 |    113 |     59 |   1622 |   6 |  451.5 |
       Dungeon |   2709 |   2596 |    113 |     59 |   1622 |   6 |  451.5 |
               +--------+--------+--------+--------+--------+-----+--------+

Top non-repeatable levels by time:
     D:2: 695 daAuts
     D:3: 678 daAuts
     D:1: 487 daAuts
     D:4: 437 daAuts
     D:5: 249 daAuts
     D:6: 161 daAuts
